 Dungeon Crawl Stone Soup version 0.27.1-33-g824d729ab1 (webtiles) character file.

Game seed: 10784971123329648268

527 Gabide the Sneak (level 7, 0/79 HPs)
             Began as a Human Monk on Dec 8, 2021.
             Was a Believer of Okawaru.
             Slain by Pikel (20 damage)
             ... on level 4 of the Dungeon on Dec 9, 2021.
             The game lasted 00:11:47 (3679 turns).

Gabide the Sneak (Human Monk)                       Turns: 3679, Time: 00:11:48

Health: 0/79       AC: 23    Str: 14    XL:     7   Next: 47%
Magic:  6/8        EV:  2    Int: 10    God:    Okawaru [**....]
Gold:   219        SH:  0    Dex: 15    Spells: 6/6 levels left

rFire    . . .     SeeInvis .   a - +0 spear (drain)
rCold    . . .     Faith    .   (no shield)
rNeg     + + +     Spirit   .   (armour currently unavailable)
rPois    +         Reflect  .   (helmet currently unavailable)
rElec    .         Harm     .   (cloak currently unavailable)
rCorr    .         Rampage  .   (gloves currently unavailable)
Will     .....     NoTele   +   (boots currently unavailable)
Stlth    ++++......             f - amulet of the acrobat
HPRegen  0.23/turn              (no ring)
MPRegen  0.11/turn              (no ring)

@: brilliant, tree-form, heroic
A: stationary, stasis, torment immunity, boosted hp
a: Renounce Religion, Heroism


You were on level 4 of the Dungeon.
You worshipped Okawaru.
Okawaru was pleased with you.
You were a tree.
You visited 1 branch of the dungeon, and saw 4 of its levels.

You collected 219 gold pieces.

Inventory:

Hand Weapons
 a - a +0 spear of draining (weapon)
 n - a +0 scythe
Armour
 c - a +1 leather armour (melded)
 g - a +0 chain mail
 j - a +0 ring mail
Jewellery
 f - an amulet of the acrobat (around neck)
Wands
 i - a wand of polymorph (1)
 l - a wand of flame (32)
Scrolls
 m - a scroll of teleportation {unknown}
Potions
 b - a potion of mutation {unknown}
 e - a potion of magic
 h - 3 potions of attraction


   Skills:
 + Level 3.9(8.9) Fighting
 + Level 4.8(9.8) Polearms
 + Level 2.3(7.3) Armour
 + Level 3.8(8.8) Dodging
 + Level 4.9(9.9) Stealth
 * Level 1.4 Invocations


You had 6 spell levels left.
You didn't know any spells.
Your spell library contained the following spells:

 Spells                   Type           Power      Damage    Failure   Level
 Dazzling Flash           Conj/Hex       0%         N/A       75%         3
 Gell's Gravitas          Tloc           0%         N/A       75%         3
 Teleport Other           Tloc           0%         N/A       75%         3
 Iskenderun's Mystic Bla  Conj/Tloc      0%         2d3       98%         4
 Dispersal                Tloc           0%         N/A       100%        6
 Starburst                Conj/Fire      0%         6d3       100%        6


Dungeon Overview and Level Annotations

Branches:
Dungeon (4/15)
 Temple: D:4-7

Altars:
Dithmenos
Okawaru

Shops:
D:1 :

Annotations:
D:4 Pikel


Message History

Your roots penetrate the ground.
Okay, then.
Reach: n) +0 scythe
Press: ? - help, Dir - move target, f - Pikel
Aim: Pikel, wielding a +0 whip of electrocution and wearing a +0 robe (about 57% to evade your +0 scythe)
The lemure is in the way.
You barely miss the lemure. The lemure hits you but does no damage.
The lemure completely misses you. The lemure hits you.
You sense an unholy aura.
a - a +0 spear of draining (weapon)
You hit Pikel but do no damage. You drain Pikel.
Pikel is lightly wounded.
The lemure hits you but does no damage. Pikel hits you but does no damage.
You barely miss Pikel.
Pikel is lightly wounded.
The lemure hits you but does no damage. Pikel barely misses you.
You barely miss Pikel.
Pikel is lightly wounded.
The lemure hits you. Pikel hits you but does no damage.
You closely miss Pikel.
Pikel is lightly wounded.
The lemure hits you but does no damage.
Pikel hits you with a +0 whip of electrocution.
You hit Pikel but do no damage.
Pikel is lightly wounded.
The lemure hits you but does no damage.
You hit Pikel but do no damage.
Pikel is lightly wounded.
Pikel completely misses you. The lemure hits you but does no damage.
You gain the combat prowess of a mighty hero.
Pikel hits you but does no damage. The lemure hits you.
* * * LOW HITPOINT WARNING * * *
You barely miss Pikel.
Pikel is lightly wounded.
Pikel hits you but does no damage.
You hit Pikel but do no damage. You drain Pikel.
Pikel is lightly wounded.
The lemure barely misses you. Pikel hits you but does no damage.
You are electrocuted!!
You die...

.#.... .... ...... #...
...... ...#.
...##.#...... ###
...##.#.# .... #...
.#..#..# #.Z# #...
.......# #55####..#
.#.....##. #K5#..#
...(...... ##♣...#
....#..... ###..(.#
...###..#. ##.#....#
#...##.... ##.##..#..#
.#....>...##.###.###..#
..........#..###.# #.>.
#......###...##.## #...
...###..#.......# ...
...###.....##...# .


You could see Pikel (drained), 3 lemures and an adder skeleton.

Vanquished Creatures
  Sigmund (D:4)
  Menkaure (D:4)
  Blork the orc (D:4)
  Terence (D:2)
  An iguana (D:3)
  4 gnolls (D:2)
  2 adders (D:3)
  A worm (D:2)
  A dart slug (D:2)
  7 bats
  7 endoplasms
  4 giant cockroaches
  9 hobgoblins
  8 jackals (D:1)
  4 kobolds
  2 quokkas
  6 ball pythons
  4 frilled lizards
  6 goblins
  11 rats
81 creatures vanquished.

Vanquished Creatures (others)
  4 toadstools (D:3)
4 creatures vanquished.

Grand Total: 85 creatures vanquished

Notes
Turn   | Place    | Note
-------+----------+-------------------------------------------
     0 | D:1      | Gabide the Human Monk began the quest for the Orb.
     0 | D:1      | Reached XP level 1. HP: 18/18 MP: 1/1
     3 | D:1      | Noticed an electric eel
     4 | D:1      | Noticed an electric eel
   199 | D:1      | Reached XP level 2. HP: 24/24 MP: 2/2
   274 | D:1      | Found a faded altar of an unknown god.
   376 | D:1      | Reached XP level 3. HP: 29/29 MP: 3/3
   541 | D:1      | Found Qokeytorph's Book Shoppe.
  1425 | D:2      | Reached XP level 4. HP: 9/35 MP: 4/4
  1916 | D:2      | Noticed Terence
  1926 | D:2      | Killed Terence
  1927 | D:2      | Reached XP level 5. HP: 36/41 MP: 5/5
  2468 | D:3      | Reached skill level 1 in Armour
  2905 | D:3      | Found an iron altar of Okawaru.
  2910 | D:3      | Reached XP level 6. HP: 48/48 MP: 6/6
  2916 | D:3      | Became a worshipper of Warmaster Okawaru
  2916 | D:3      | Reached * piety under Okawaru
  2916 | D:3      | Reached ** piety under Okawaru
  3134 | D:4      | Found a shadowy altar of Dithmenos.
  3134 | D:4      | Noticed Sigmund
  3146 | D:4      | Killed Sigmund
  3219 | D:4      | Noticed Blork the orc
  3237 | D:4      | Killed Blork the orc
  3238 | D:4      | Reached XP level 7. HP: 41/53 MP: 5/7
  3415 | D:4      | Noticed Menkaure
  3433 | D:4      | Killed Menkaure
  3434 | D:4      | Reached skill level 1 in Invocations
  3662 | D:4      | Noticed Pikel
  3679 | D:4      | Slain by Pikel

Illustrated notes

Levels and vault maps discovered:
D:1:      arrival_aquarium_b, layout_loops_ring,
          hellmonk_ecumenical_altar_run_dry, serial_shops, shop
D:2:      layout_loops_ring, kennysheep_doodads, corexii_leaking_fountain,
          minivault_25, uniq_terence
D:3:      layout_rooms, mainiacjoe_overflow_alcove_1, minmay_gold_behind_fungi,
          minmay_pentangle
D:4:      layout_layer_cave, grunt_dithmenos_smoke_and_mirrors, uniq_sigmund,
          uniq_pikel, uniq_blork_the_orc, uniq_menkaure, uniq_ijyb

Skill      XL: |  1  2  3  4  5  6  7 |
---------------+----------------------+-----
Stealth        | 3 4 |  4.9
Polearms       | 4 |  4.8
Armour         | 1 2 |  2.3
Invocations    | 1 |  1.4
Fighting       | |  3.9
Dodging        | |  3.8

Action                   |  1- 3 |  4- 6 |  7- 9 || total
-------------------------+-------+-------+-------++-------
Melee: Spear             |   173 |   126 |    14 ||   313
       Punch             |       |     1 |     1 ||     2
       Scythe            |       |       |    14 ||    14
Invok: Heroism           |       |     2 |     2 ||     4
  Use: Scroll            |     5 |     2 |       ||     7
       Potion            |     1 |     1 |     4 ||     6
 Stab: Sleeping          |    14 |    11 |       ||    25
       Distracted        |     1 |       |       ||     1
       Invisible         |       |     1 |       ||     1
Armor: Leather armour    |    40 |    12 |     6 ||    58
       Skin              |       |       |    11 ||    11
Dodge: Dodged            |    83 |    39 |    15 ||   137
